 Dungeon Crawl Stone Soup version 0.27-a0-1154-gfdeffcb720 (webtiles) character file.

Game seed: 1311630254057417089

14372 freelancePsychic the Nimble (level 12, -10/102 HPs)
             Began as a Merfolk Transmuter on May 14, 2021.
             Was a High Priest of Okawaru.
             Killed from afar by a will-o-the-wisp (34 damage)
             ... with a foxfire
             ... on level 2 of the Lair of Beasts.
             The game lasted 00:41:03 (15816 turns).

freelancePsychic the Nimble (Merfolk Transmuter)   Turns: 15816, Time: 00:41:04

Health: -10/102    AC:  2    Str: 18    XL:     12   Next: 15%
Magic:  13/15      EV: 31    Int: 18    God:    Okawaru [*****.]
Gold:   521        SH:  0    Dex: 19    Spells: 2/15 levels left

rFire    . . .     SeeInvis .     - Unarmed
rCold    . . .     Faith    +   (shield currently unavailable)
rNeg     + . .     Spirit   .   (armour currently unavailable)
rPois    x         Reflect  .   (helmet currently unavailable)
rElec    .         Harm     .   (cloak currently unavailable)
rCorr    .         Rampage  .   (gloves currently unavailable)
Will     +....                  (boots currently unavailable)
Stlth    ++........             w - amulet "Pezutodu" {Faith rN+ Will+ Int+2}
HPRegen  0.27/turn              p - +6 ring of strength
MPRegen  0.14/turn              I - +4 ring of slaying

@: about to teleport, spider-form
A: venomous fangs, tiny, (nimble swimmer 2), (mertail)
a: End Transformation, Renounce Religion, Heroism, Finesse


You were on level 2 of the Lair of Beasts.
You worshipped Okawaru.
Okawaru was extremely pleased with you.
You were a venomous arachnid creature.
You visited 2 branches of the dungeon, and saw 12 of its levels.
You also visited: Ossuary.

You collected 521 gold pieces.

Inventory:

Hand Weapons
 S - the +12 halberd "Qoxionaf" {elec, Str+3}
   (Okawaru gifted it to you on level 10 of the Dungeon)

   Occasionally, upon striking a foe, it can discharge electrical energy and
   cause terrible harm.
   It affects your strength (+3).
Missiles
 d - 57 poisoned darts (quivered)
 r - 9 atropa-tipped darts
 t - 4 throwing nets
 N - a curare-tipped dart
Armour
 m - a +0 pair of boots (melded)
 C - a +2 robe of the Archmagi (melded)
 O - a +0 helmet (melded)
Jewellery
 c - a ring of ice
 n - a ring of positive energy
 p - a +6 ring of strength (left front leg)
 w - the amulet "Pezutodu" (around neck) {Faith rN+ Will+ Int+2}
   (You acquired it in an ossuary)

   [amulet of faith]

   It allows you to gain divine favour quickly.
   It affects your intelligence (+2).
   It protects you from negative energy.
   It increases your willpower.
 I - a +4 ring of slaying (right front leg)
 M - a ring of ice
 U - a +4 ring of evasion
Wands
 j - a wand of charming (11)
 s - a wand of polymorph (12)
 B - a wand of acid (11)
 F - a wand of flame (13)
 H - a wand of mindburst (34)
 P - a wand of iceblast (15)
 T - a wand of paralysis (8)
Scrolls
 a - a scroll of vulnerability
 l - a scroll of fear
 u - 3 scrolls of enchant armour
 x - a scroll of enchant weapon {unknown}
 y - 3 scrolls of magic mapping {unknown}
 z - a scroll of brand weapon
 G - 3 scrolls of noise {unknown}
 J - 4 scrolls of immolation {unknown}
 L - a scroll of torment {unknown}
 Q - 2 scrolls of identify {@r1}
 R - a scroll of fog {unknown}
Potions
 b - a potion of might
 e - a potion of brilliance {unknown}
 f - a potion of resistance
 g - 2 potions of curing {@q1}
 i - 3 potions of heal wounds {@q2}
 k - 2 potions of degeneration {unknown}
 o - a potion of magic {unknown}
 q - 2 potions of lignification {unknown}
 v - a potion of berserk rage {unknown}
 A - a potion of haste {@q3}
 D - 3 potions of attraction {unknown}
 E - a potion of cancellation {unknown}
 K - 3 potions of mutation {unknown}
 V - a potion of invisibility {unknown}


   Skills:
 - Level 11.8 Fighting
 - Level 12.9 Dodging
 + Level 10.3 Unarmed Combat
 - Level 2.1 Spellcasting
 - Level 10.0 Transmutations
 - Level 4.2 Ice Magic
 - Level 2.0 Poison Magic
 * Level 1.1 Invocations


You had 2 spell levels left.
You knew the following spells:

 Your Spells              Type           Power      Damage    Failure   Level
a - Beastly Appendage     Tmut           74%        N/A       2%          1
b - Spider Form           Tmut/Pois      11%        N/A       14%         3
c - Ice Form              Ice/Tmut       27%        N/A       24%         4
d - Hydra Form            Tmut           18%        N/A       22%         5

Your spell library contained the following spells:

 Spells                   Type           Power      Damage    Failure   Level
 Wereblood                Tmut           37%        N/A       3%          2
 Sting                    Tmut/Pois      92%        1d7       7%          1
 Passwall                 Tmut/Erth      15%        N/A       12%         2
 Animate Skeleton         Necr           2%         N/A       38%         1
 Apportation              Tloc           2%         N/A       38%         1
 Corona                   Hex            1%         N/A       38%         1
 Magic Dart               Conj           4%         1d3       38%         1
 Pain                     Necr           4%         1d4       38%         1
 Summon Small Mammal      Summ           4%         N/A       38%         1
 Poisonous Vapours        Pois/Air       10%        N/A       38%         2
 Corpse Rot               Necr/Air       N/A        N/A       47%         2
 Searing Ray              Conj           2%         3d3       47%         2
 Ignite Poison            Fire/Tmut/Pois 16%        N/A       26%         3
 Mephitic Cloud           Conj/Pois/Air  4%         N/A       61%         3
 Dazzling Flash           Conj/Hex       2%         N/A       69%         3
 Stone Arrow              Conj/Erth      2%         3d7       69%         3
 Vampiric Draining        Necr           0%         2d6       69%         3
 Olgreb's Toxic Radiance  Pois           9%         N/A       80%         4
 Animate Dead             Necr           0%         N/A       96%         4
 Fulminant Prism          Conj/Hex       0%         3d6       96%         4
 Iskenderun's Mystic Bla  Conj/Tloc      1%         2d3       96%         4
 Statue Form              Tmut/Erth      12%        N/A       99%         6
 Agony                    Necr           1%         N/A       100%        5
 Lee's Rapid Deconstruct  Erth           0%         3d5*      100%        5


Dungeon Overview and Level Annotations

Branches:
Dungeon (10/15)            Temple (0/1) D:6            Lair (2/6) D:10
  Swamp (0/4) Lair:2      Ossuary (visited)
  Snake: Lair:2-4    Spider: Lair:2-4       Orc: D:9-12

Altars:
Ashenzari
Dithmenos
Gozag
Kikubaaqudgha
Nemelex Xobeh
Okawaru
Trog
Uskayaw
Yredelemnul
Zin

Annotations:
D:6 2 transporters
D:10 Sonja


Innate Abilities, Weirdness & Mutations

You are a venomous arachnid creature.
You have poisonous fangs.
You are tiny and dextrous.
Your spellcasting is less reliable in this form.
Your armour is entirely melded.
You are incapable of wielding weapons or throwing items.
((You are quick and stealthy near water. (Stealth+, EV+, Speed+++)))
((Your lower body shifts to a powerful aquatic tail in water.))


Message History

You bite Maggie!
Maggie is almost dead.
The basilisk bites you!!
Maggie mumbles some strange words.
Maggie attempts to bespell you!
You easily resist.
Your limbs are stiffening.
You barely miss Maggie.
Maggie is almost dead.
The basilisk closely misses you. Maggie hits you with a +0 scimitar!
You maul Maggie!!
You kill Maggie!
Okawaru accepts your kill. The basilisk bites you.
You have turned to stone.
Your Invocations skill increases to level 1!
The basilisk gazes at you. You resist with almost no effort.
The basilisk gazes at you. You resist with almost no effort.
You feel like a meek peon again. The basilisk bites you!
The basilisk hisses menacingly.
The basilisk bites you. The basilisk bites you!
The will-o-the-wisp gives a chilling moan.
The basilisk bites you.
The will-o-the-wisp gestures.
The will-o-the-wisp conjures some foxfire!
The basilisk gazes at you. 2 foxfires come into view.
The foxfire hits you!! The basilisk bites you. The foxfire hits you!!
* * * LOW HITPOINT WARNING * * *
The basilisk bites you but does no damage.
The basilisk bites you but does no damage.
The will-o-the-wisp gestures.
The will-o-the-wisp conjures some foxfire!
You turn to flesh and can move again. 2 foxfires come into view.
As you read the scroll of teleportation {@r4}, it crumbles to dust.
You feel strangely unstable. The foxfire hits you!!
You die...

.........# ..P#..
.........## ......P
...#......# .....+
.....#....# ####..#.#
)....#....####.#......
.....#......#.##......
.....#...#.#.>...#
.(...#...#.......###
.....#..#....8..s..#
(.P#.##....####.lv..#
.....#....## #.#.v}#
.....#....# #####.v§..
...###...##.....
.$..#.#
................
.......
....8.....8..>..
.....8#
P...............
.......
....##...###....


You could see a will-o-the-wisp and a basilisk.

Vanquished Creatures
  Harold (D:7)
  A catoblepas (Lair:2)
  A hydra (Lair:2)
  A two-headed ogre (D:8)
  Pikel (D:7)
  3 elephants (Lair:2)
  A black mamba (Lair:1)
  Maggie (Lair:2)
  6 komodo dragons
  A hornet (D:10)
  15 yaks
  2 shadows (D:10)
  3 wyverns
  Menkaure (Ossuary)
  2 acid dragons
  3 water moccasins
  Duvessa (D:5)
  7 orc warriors
  2 black bears
  3 sky beasts
  4 ogres
  5 centaurs
  A lemure (D:7)
  2 kobold brigands
  7 bullfrogs
  Dowan (D:5)
  A wyvern zombie (D:5)
  4 scorpions
  A howler monkey (D:5)
  8 wights (D:7)
  A bullfrog zombie (D:5)
  3 centaur zombies
  5 orc priests
  3 centaur skeletons
  3 hounds
  A gnoll shaman (D:7)
  5 iguanas
  11 orc wizards
  4 mummies
  A hound skeleton (D:4)
  A howler monkey zombie (D:9)
  16 gnolls
  5 adders
  2 white imps
  4 worms
  5 dart slugs
  29 orcs
  5 ball pythons
  3 endoplasms (D:1)
  5 giant cockroaches
  6 gnoll zombies (Ossuary)
  10 goblins
  A hobgoblin (D:4)
  7 jackals
  A quokka (D:1)
  7 bats
  3 frilled lizards
  6 gnoll skeletons (Ossuary)
  2 goblin skeletons (Ossuary)
  5 goblin zombies
  4 hobgoblin skeletons (Ossuary)
  3 hobgoblin zombies
  12 kobolds
  3 kobold skeletons (Ossuary)
  2 kobold zombies (Ossuary)
  3 orc skeletons (Ossuary)
  4 orc zombies (Ossuary)
  3 rats (D:1)
  6 rat skeletons (Ossuary)
  5 rat zombies (Ossuary)
295 creatures vanquished.

Vanquished Creatures (others)
  A human (D:9)
  A goblin zombie (Ossuary)
  A hobgoblin skeleton (Ossuary)
  An orc zombie (Ossuary)
  10 foxfires (Lair:2)
  11 fungi
  7 plants
32 creatures vanquished.

Grand Total: 327 creatures vanquished

Notes
Turn   | Place    | Note
-------+----------+-------------------------------------------
     0 | D:1      | freelancePsychic the Merfolk Transmuter began the quest for
                  | the Orb.
     0 | D:1      | Reached XP level 1. HP: 15/15 MP: 3/3
   329 | D:1      | Reached XP level 2. HP: 21/21 MP: 5/5
   462 | D:1      | Reached skill level 3 in Dodging
   765 | D:1      | Reached XP level 3. HP: 27/27 MP: 6/6
  2119 | D:2      | Found a faded altar of an unknown god.
  2226 | D:2      | Reached XP level 4. HP: 28/34 MP: 5/7
  2372 | D:2      | Learned a level 3 spell: Spider Form
  2959 | D:3      | Found a shadowy altar of Dithmenos.
  3128 | D:3      | Reached skill level 4 in Dodging
  3128 | D:3      | Reached skill level 1 in Poison Magic
  3626 | D:2      | Reached XP level 5. HP: 12/40 MP: 8/8
  3939 | D:4      | Noticed a sky beast
  4074 | D:3      | Killed a sky beast
  4479 | D:3      | Reached XP level 6. HP: 40/48 MP: 7/9
  4962 | D:4      | Noticed a black bear
  4974 | D:4      | Killed a black bear
  4975 | D:4      | Reached skill level 5 in Dodging
  5410 | D:4      | Reached skill level 5 in Unarmed Combat
  5410 | D:4      | Reached XP level 7. HP: 43/55 MP: 7/10
  5413 | D:4      | Reached skill level 5 in Fighting
  5612 | D:4      | Identified the +3 ring mail of Absence {Dex+4}
  5641 | D:4      | Reached skill level 1 in Ice Magic
  6342 | D:5      | Entered Level 5 of the Dungeon
  6499 | D:5      | Reached skill level 5 in Transmutations
  6670 | D:5      | Reached XP level 8. HP: 43/62 MP: 8/11
  6731 | D:5      | Noticed Dowan
  6753 | D:5      | Found a sand-covered staircase.
  6763 | Ossuary  | Entered an ossuary
  6941 | Ossuary  | Learned a level 4 spell: Ice Form
  7218 | Ossuary  | Noticed Menkaure
  7227 | Ossuary  | Killed Menkaure
  7591 | Ossuary  | Identified a scroll of acquirement
  7592 | Ossuary  | Acquired the amulet "Pezutodu" {Faith rN+ Will+ Int+2}
  7821 | D:5      | Found a basalt altar of Yredelemnul.
  8032 | D:5      | Noticed Duvessa
  8048 | D:5      | Killed Duvessa
  8057 | D:5      | Killed Dowan
  8297 | D:6      | Found an iron altar of Okawaru.
  8301 | D:6      | Became a worshipper of Warmaster Okawaru
  8315 | D:6      | Found a transporter.
  8400 | D:6      | Noticed a +0 dagger
  8401 | D:6      | Noticed a +0 short sword
  8404 | D:6      | Noticed a +0 spear
  8404 | D:6      | Noticed a +0 spear
  8571 | D:6      | Noticed a +0 falchion
  8571 | D:6      | Noticed a +0 dagger
  8572 | D:6      | Noticed a +0 falchion
  8574 | D:6      | Noticed a +0 short sword
  8701 | D:6      | Found a sparkling altar of Nemelex Xobeh.
  8751 | D:6      | Reached XP level 9. HP: 74/74 MP: 9/12
  8816 | D:6      | Found a staircase to the Ecumenical Temple.
  8964 | D:6      | Noticed an orc sorcerer
  8964 | D:6      | Noticed a kobold demonologist
  8970 | D:6      | Found a transporter.
  8983 | D:6      | Reached skill level 6 in Dodging
  9348 | D:6      | Found a hide-covered altar of Uskayaw.
  9595 | D:6      | Reached * piety under Okawaru
 10162 | D:7      | Noticed Harold
 10186 | D:7      | Killed Harold
 10186 | D:7      | Reached ** piety under Okawaru
 10197 | D:7      | Reached XP level 10. HP: 67/83 MP: 10/13
 10445 | D:7      | Found a glowing silver altar of Zin.
 10445 | D:7      | Found a bloodstained altar of Trog.
 10463 | D:7      | Reached *** piety under Okawaru
 10549 | D:7      | Noticed Pikel
 10565 | D:7      | Killed Pikel
 10566 | D:7      | Reached skill level 10 in Transmutations
 10573 | D:7      | Learned a level 5 spell: Hydra Form
 11430 | D:8      | Reached skill level 7 in Dodging
 11466 | D:8      | Noticed a two-headed ogre
 11472 | D:8      | Killed a two-headed ogre
 11472 | D:8      | Reached **** piety under Okawaru
 11473 | D:8      | Reached skill level 10 in Fighting
 11479 | D:8      | Reached skill level 8 in Dodging
 11850 | D:8      | Found an opulent altar of Gozag.
 11856 | D:8      | Received a gift from Okawaru
 12181 | D:8      | Found a broken altar of Ashenzari.
 12185 | D:8      | Saw a vision of the Swamp and the Snake Pit.
 12185 | D:8      | Noticed a goliath frog
 12185 | D:8      | Noticed a black mamba
 12185 | D:8      | Noticed a black mamba
 12185 | D:8      | Noticed a naga warrior
 12185 | D:8      | Noticed a naga mage
 12185 | D:8      | Noticed a guardian serpent
 12185 | D:8      | Noticed a naga ritualist
 12428 | D:9      | Identified the Collected Works on Earthen Darkness
 12802 | D:9      | Reached skill level 9 in Dodging
 12857 | D:9      | Reached ***** piety under Okawaru
 13090 | D:9      | Reached XP level 11. HP: 92/92 MP: 10/14
 13316 | D:9      | Found an ancient bone altar of Kikubaaqudgha.
 13434 | D:10     | Entered Level 10 of the Dungeon
 13466 | D:10     | Identified the +12 halberd "Qoxionaf" {elec, Str+3}
                  | (Okawaru gifted it to you on level 10 of the Dungeon)
 13466 | D:10     | Received a gift from Okawaru
 13599 | D:10     | Reached skill level 10 in Dodging
 13873 | D:10     | Noticed Sonja
 13888 | D:10     | Found a staircase to the Lair.
 13930 | Lair:1   | Entered Level 1 of the Lair of Beasts
 14666 | Lair:2   | Noticed a catoblepas
 14677 | Lair:2   | Killed a catoblepas
 14678 | Lair:2   | Reached skill level 11 in Dodging
 14711 | Lair:2   | Identified the +0 robe "Tiaduf" {Int+4} (Okawaru gifted it
                  | to you on level 2 of the Lair of Beasts)
 14711 | Lair:2   | Received a gift from Okawaru
 14894 | Lair:2   | Reached skill level 12 in Dodging
 15023 | Lair:2   | Reached skill level 10 in Unarmed Combat
 15125 | Lair:2   | Reached XP level 12. HP: 100/100 MP: 10/15
 15162 | Lair:2   | Noticed a five-headed hydra
 15556 | Lair:2   | Killed a five-headed hydra
 15753 | Lair:2   | Found a staircase to the Swamp.
 15791 | Lair:2   | Noticed Maggie
 15805 | Lair:2   | Killed Maggie
 15806 | Lair:2   | Reached skill level 1 in Invocations
 15816 | Lair:2   | Killed from afar by a will-o-the-wisp

Illustrated notes

Levels and vault maps discovered:
D:1:      psy_arrival_radial02, layout_loops_ring
D:2:      layout_basic, serial_glass, glass_columns_b, glass_columns_a,
          hellmonk_ecumenical_altar_lost_god
D:3:      layout_loops_ring, lemuel_tele_altar
D:4:      layout_gridville, minivault_1
D:5:      layout_basic, pf_just_have_faith, nicolae_ossuary_entry_giza,
          uniq_duvessa
D:6:      gammafunk_wand_slinger, layout_loops_cross, nicolae_uskayaw_en_pointe,
          okawaru_metal_pillars_1_2, nemelex_spade_bored_becter,
          temple_fountains
D:7:      layout_loops_ring, gammafunk_temple_overflow_statue, uniq_harold,
          uniq_pikel
D:8:      layout_rooms, lemuel_crystal_altar, grunt_ashenzari_visionary
          [grunt_ashenzari_visionary_swamp, grunt_ashenzari_visionary_snake]
D:9:      layout_basic, tgw_kikubaaqudgha, nicolae_straight_to_the_point
D:10:     layout_rooms, grunt_lair_entry_orc_guard_hut,
          kennysheep_orc_monster_closet_entryway, kennysheep_potato, uniq_snorg,
          uniq_sonja, uniq_joseph
Lair:1:   layout_regular_city, small_statue_intersection
Lair:2:   layout_chaotic_city, minmay_swamp_entry_wisps,
          infiniplex_staircase_pool, grunt_megastairs_5, lemuel_fruit_tree,
          uniq_maggie

Skill      XL: |  1  2  3  4  5  6  7  8  9 10 11 12 |
---------------+-------------------------------------+-----
Dodging        | 3 4 5 6 9 12 | 12.9
Transmutations | 3 5 6 9 10 | 10.0
Fighting       | 2 4 5 8 9 10 11 | 11.8
Poison Magic   | 1 2 |  2.0
Unarmed Combat | 5 7 8 10 | 10.3
Ice Magic      | 3 4 |  4.2
Invocations    | 1 |  1.1
Spellcasting   | |  2.1

Action                   |  1- 3 |  4- 6 |  7- 9 | 10-12 || total
-------------------------+-------+-------+-------+-------++-------
Melee: Unarmed           |   125 |   103 |   416 |   237 ||   881
       Headbutt          |     2 |     5 |     4 |       ||    11
       Punch             |       |     1 |     3 |     4 ||     8
Throw: Dart              |       |    38 |       |       ||    38
 Cast: Beastly Appendage |     4 |     5 |     2 |       ||    11
       Spider Form       |       |     9 |    43 |    14 ||    66
       Ice Form          |       |       |     2 |     7 ||     9
       Hydra Form        |       |       |       |    16 ||    16
Invok: Heroism           |       |       |     1 |    11 ||    12
 Abil: End Transformatio |       |       |       |     1 ||     1
  Use: Scroll            |     1 |       |     8 |     5 ||    14
       Potion            |       |       |     4 |       ||     4
 Stab: Sleeping          |     4 |       |       |     1 ||     5
       Petrified         |       |       |       |     5 ||     5
Armor: Robe              |    23 |    12 |    33 |     5 ||    73
       Skin              |       |     1 |    19 |    30 ||    50
Dodge: Dodged            |    78 |    87 |   294 |   147 ||   606

Table legend: (Time is in decaauts)
 A = Elapsed time spent in this place.
 B = Non-inter-level travel time spent in this place.
 C = Inter-level travel time spent in this place.
 D = Time resting spent in this place.
 E = Time spent auto-exploring this place.
 F = Levels seen in this place.
 G = Mean time per level.
                   A        B        C        D        E       F      G
               +--------+--------+--------+--------+--------+-----+--------+
         Total |  15709 |  15170 |    539 |   3279 |   9006 |  13 | 1208.4 |
       Dungeon |  13015 |  12505 |    510 |   2719 |   7596 |  10 | 1301.5 |
          Lair |   1867 |   1839 |     28 |    318 |   1305 |   2 |  933.5 |
       Ossuary |    826 |    826 |      0 |    242 |    105 |   1 |  826.0 |
               +--------+--------+--------+--------+--------+-----+--------+

Top non-repeatable levels by time:
     D:3: 1680 daAuts
     D:4: 1643 daAuts
     D:6: 1561 daAuts
     D:1: 1495 daAuts
     D:2: 1494 daAuts
     D:5: 1354 daAuts
     D:7: 1296 daAuts
     D:9: 1149 daAuts
  Lair:2: 1137 daAuts
     D:8: 847 daAuts
 Ossuary: 826 daAuts
  Lair:1: 730 daAuts
    D:10: 490 daAuts
